 Dungeon Crawl Stone Soup version 0.28-a0-178-ga708605c5b (webtiles) character file.

Game seed: 11248754041064524182

12701 bande the Cleaver (level 11, -4/68 HPs)
             Began as a Gargoyle Fighter on Aug 18, 2021.
             Was a High Priest of Okawaru.
             Collided with some lava (11 damage)
             ... caused by a swamp worm
             ... on level 2 of the Lair of Beasts.
             The game lasted 00:21:40 (12050 turns).

bande the Cleaver (Gargoyle Fighter)               Turns: 12050, Time: 00:21:41

Health: -4/68      AC: 27    Str: 23    XL:     11   Next: 97%
Magic:  11/11      EV: 10    Int:  8    God:    Okawaru [*****.]
Gold:   873        SH: 11    Dex: 10    Spells: 10/10 levels left

rFire   + . .      SeeInvis .   n - +12 hand axe "Hydrabane" {venom, rF+ rN+}
rCold   . . .      Faith    .   c - +1 kite shield
rNeg    + + .      Spirit   .   A - +0 plate armour
rPois   ∞          Reflect  .   u - +0 helmet
rElec   +          Harm     .   (no cloak)
rCorr   .          Rampage  .   r - +1 pair of gloves
Will    +....                   J - +0 pair of boots
Stlth   ..........              (no amulet)
HPRegen 0.21/turn               F - +4 ring of evasion
MPRegen 0.12/turn               w - ring of willpower

@: no status effects
A: sickness immunity, AC +8, negative energy resistance 1, electricity
resistance, torment resistance 1, petrification resistance
a: Renounce Religion, Heroism, Finesse, Duel


You were on level 2 of the Lair of Beasts.
You worshipped Okawaru.
Okawaru was extremely pleased with you.
You visited 3 branches of the dungeon, and saw 11 of its levels.
You also visited: Sewer.

You collected 873 gold pieces.

Inventory:

Hand Weapons
 a - a +1 war axe of draining
 n - the +12 hand axe "Hydrabane" (weapon) {venom, rF+ rN+}
   (You found it on level 7 of the Dungeon)

   It poisons the flesh of those it strikes.
   rF:        It protects you from fire.
   rN:        It protects you from negative energy.
 y - a +2 hand axe of flaming
Armour
 c - a +1 kite shield (worn)
 r - a +1 pair of gloves (worn)
 u - a +0 helmet (worn)
 A - a +0 plate armour (worn)
 J - a +0 pair of boots (worn)
Jewellery
 h - a ring of positive energy
 w - a ring of willpower (right hand)
 z - a ring of ice
 F - a +4 ring of evasion (left hand)
 L - a +6 ring of intelligence
Wands
 f - a wand of digging (5)
 q - a wand of iceblast (20)
 x - a wand of flame (38)
Scrolls
 b - a scroll of summoning
 e - a scroll of enchant armour
 o - a scroll of silence
 t - 5 scrolls of teleportation
 v - a scroll of enchant weapon
 B - a scroll of identify
 D - a scroll of blinking
 H - a scroll of magic mapping
 K - a scroll of amnesia {unknown}
Potions
 d - 2 potions of might
 g - 2 potions of cancellation
 i - 2 potions of curing
 j - 2 potions of mutation
 k - 3 potions of flight
 l - a potion of heal wounds
 m - 4 potions of haste {unknown}
 p - a potion of brilliance {unknown}
 s - a potion of magic {unknown}
 C - 2 potions of berserk rage {unknown}
 G - 2 potions of resistance {unknown}
 I - a potion of ambrosia {unknown}
Miscellaneous
 E - a box of beasts


   Skills:
 + Level 7.7 Fighting
 + Level 10.2 Axes
 + Level 9.5 Armour
 + Level 3.0 Dodging
 - Level 0.2 Stealth
 + Level 9.2 Shields
 * Level 6.6 Evocations


You had 10 spell levels left.
You didn't know any spells.
Your spell library contained the following spells:

 Spells                   Type           Power      Damage    Failure   Level
 Freeze                   Ice            0%         1d3       100%        1
 Frozen Ramparts          Ice            0%         1d2       100%        3
 Gell's Gravitas          Tloc           0%         N/A       100%        3
 Lesser Beckoning         Tloc           0%         N/A       100%        3
 Portal Projectile        Hex/Tloc       0%         N/A       100%        3
 Teleport Other           Tloc           0%         N/A       100%        3
 Hailstorm                Conj/Ice       0%         3d3       100%        4
 Leda's Liquefaction      Hex/Erth       0%         N/A       100%        4
 Call Canine Familiar     Summ           Unusable   N/A       N/A         3

Dungeon Overview and Level Annotations

Branches:
Dungeon (8/15)             Temple (1/1) D:7            Lair (2/6) D:8
  Sewer (visited)
  Swamp: Lair:2-4    Shoals: Lair:2-4     Snake: Lair:2-4    Spider: Lair:2-4

Altars:
Ashenzari
Cheibriados
Elyvilon
Fedhas
Gozag
Hepliaklqana
Kikubaaqudgha
Makhleb
Nemelex Xobeh
Okawaru
Qazlal
Sif Muna
Trog
Uskayaw
Vehumet
Wu Jian
Xom
Yredelemnul
Zin
The Shining One

Annotations:
Lair:2 1 transporter


Innate Abilities, Weirdness & Mutations

You are immune to sickness and miasma.
Your stone body is resilient. (AC +8)
You are immune to poison.
You resist negative energy. (rN+)
You are resistant to electric shocks. (rElec)
You are resistant to unholy torment.
You are immune to petrification.


Message History

You collide with the briar patch!
The swamp worm fires a harpoon shot at you.
The harpoon shot hits you but does no damage.
The swamp worm fires a harpoon shot at you.
The harpoon shot hits you!
You are yanked forward by the harpoon shot.
You violently stop moving!
You feel better.
The swamp worm fires a harpoon shot at you.
The harpoon shot hits you!
You are yanked forward by the harpoon shot.
You violently stop moving!
The swamp worm fires a harpoon shot at you.
The harpoon shot hits you!
* * * LOW HITPOINT WARNING * * *
You are yanked forward by the harpoon shot.
You collide with the briar patch!
The briar patch is destroyed!
* * * LOW HITPOINT WARNING * * *
You become entangled in the net!
The swamp worm fires a harpoon shot at you.
The harpoon shot hits you!
* * * LOW HITPOINT WARNING * * *
You are yanked forward by the harpoon shot.
You collide with the briar patch!
The swamp worm fires a harpoon shot at you.
The harpoon shot hits you but does no damage.
You feel much better.
The swamp worm fires a harpoon shot at you.
The harpoon shot hits you but does no damage.
The swamp worm fires a harpoon shot at you.
The harpoon shot hits you but does no damage.
The swamp worm fires a harpoon shot at you.
The harpoon shot hits you but does no damage.
The swamp worm fires a harpoon shot at you.
The harpoon shot hits you!
* * * LOW HITPOINT WARNING * * *
You are yanked forward by the harpoon shot.
You violently stop moving!
You die...

##...............................
..........................(......
#................................
##..........#########............
............##w#♣#w##............
##.........##≈§≈≈#≈§####.........
.#.#.......#PPP.P○PP#$[#.........
..........©#©^^^^^^§+$©#©........
##.........#PPPP@PPP#!=#.........
P#.........##§≈≈#≈≈§####.........
.#..........#♣#w#w#w#............
.#..........#########............
.#...............................
P#...............................
##.#.............................
...#....................>........
..##.............................


You could see 5 swamp worms.

Vanquished Creatures
  A hydra (Lair:2)
  Pikel (D:5)
  2 black mambas (Lair:2)
  A gargoyle (D:8)
  5 cane toads
  A rime drake (Lair:2)
  A komodo dragon (Lair:2)
  A polar bear (Lair:2)
  Grinder (D:4)
  A meliai (D:8)
  6 blink frogs (Lair:2)
  Prince Ribbit (Lair:2)
  A slime creature (D:8)
  A dream sheep (Lair:2)
  6 yaks (Lair:1)
  3 basilisks
  Menkaure (D:4)
  Edmund (D:5)
  11 water moccasins
  3 sky beasts
  4 orc warriors
  5 wolves (Lair:1)
  2 necrophages
  2 ogres
  The ghost of Spectrina the Sneak, an amateur DjDe of Uskayaw (D:5)
  A centaur (D:8)
  A phantom (D:5)
  2 kobold brigands
  11 bullfrogs
  Blork the orc (D:4)
  A wyvern zombie (D:7)
  A gnoll sergeant (D:7)
  A killer bee (D:8)
  2 howler monkeys
  2 centaur zombies (D:8)
  4 hounds
  An orc priest (D:5)
  2 gnoll shamans
  6 jellies
  4 orc wizards
  A hound zombie (D:5)
  A hound skeleton (D:4)
  A howler monkey zombie (D:7)
  9 gnolls
  14 adders
  2 river rats (Sewer)
  A shadow imp (D:8)
  A white imp (D:8)
  3 ufetubi
  A worm (D:2)
  A dart slug (D:5)
  12 orcs
  3 endoplasms
  4 giant cockroaches
  10 goblins
  9 hobgoblins
  6 jackals
  15 kobolds
  8 quokkas
  13 ball pythons
  8 bats
  3 frilled lizards
  7 rats
236 creatures vanquished.

Vanquished Creatures (others)
  A human (D:7)
  A briar patch (Lair:2)
  3 fungi (Lair:2)
  7 plants
12 creatures vanquished.

Grand Total: 248 creatures vanquished

Notes
Turn   | Place    | Note
-------+----------+-------------------------------------------
     0 | D:1      | bande the Gargoyle Fighter began the quest for the Orb.
     0 | D:1      | Reached XP level 1. HP: 14/14 MP: 1/1
   348 | D:1      | Reached XP level 2. HP: 19/19 MP: 2/2
   414 | D:1      | Reached skill level 2 in Axes
  1269 | D:2      | Reached XP level 3. HP: 21/23 MP: 3/3
  1610 | D:2      | Found a faded altar of an unknown god.
  1621 | D:2      | Reached XP level 4. HP: 23/29 MP: 4/4
  1860 | D:2      | Noticed an ogre
  1864 | D:2      | Noticed a necrophage
  1876 | D:2      | Killed an ogre
  1877 | D:2      | Reached skill level 3 in Axes
  1877 | D:2      | Reached XP level 5. HP: 17/33 MP: 5/5
  1883 | D:2      | Killed a necrophage
  1884 | D:2      | Reached XP level 6. HP: 16/38 MP: 6/6
  2455 | D:3      | Found an opulent altar of Gozag.
  3251 | D:4      | Noticed Grinder
  3264 | D:4      | Paralysed by Grinder for 3 turns
  3269 | D:4      | Killed Grinder
  3270 | D:4      | Reached skill level 4 in Axes
  3270 | D:4      | Reached skill level 5 in Armour
  3270 | D:4      | Reached skill level 1 in Dodging
  3270 | D:4      | Reached skill level 5 in Shields
  3270 | D:4      | Reached XP level 7. HP: 36/44 MP: 7/7
  3298 | D:4      | Noticed Blork the orc
  3306 | D:4      | Killed Blork the orc
  3346 | D:4      | Found a glowing drain.
  3364 | Sewer    | Entered a sewer
  3629 | Sewer    | Found a glowing silver altar of Zin.
  3731 | D:4      | Reached skill level 5 in Axes
  3731 | D:4      | Reached XP level 8. HP: 48/48 MP: 8/8
  3981 | D:4      | Noticed Menkaure
  3992 | D:4      | Killed Menkaure
  4532 | D:5      | Entered Level 5 of the Dungeon
  4616 | D:5      | Reached skill level 1 in Evocations
  4676 | D:5      | Noticed Pikel
  4707 | D:5      | Killed Pikel
  4708 | D:5      | Reached skill level 5 in Fighting
  4708 | D:5      | Reached skill level 6 in Axes
  4826 | D:5      | Reached XP level 9. HP: 43/54 MP: 9/9
  5046 | D:5      | Noticed Edmund
  5058 | D:5      | Killed Edmund
  5539 | D:5      | Found a runed translucent gate.
  5539 | D:5      | Found a runed translucent gate.
  5539 | D:5      | Found a runed translucent gate.
  5540 | D:5      | Noticed Spectrina's ghost (amateur DjDe)
  5731 | D:5      | Killed Spectrina's ghost
  6523 | D:6      | Reached skill level 7 in Axes
  6603 | D:6      | Found a burning altar of Makhleb.
  6839 | D:7      | Identified the +12 hand axe "Hydrabane" {venom, rF+ rN+}
  6945 | D:7      | Found a staircase to the Ecumenical Temple.
  7047 | Temple   | Entered the Ecumenical Temple
  7129 | Temple   | Became a worshipper of Warmaster Okawaru
  7528 | D:7      | Reached XP level 10. HP: 53/60 MP: 10/10
  7753 | D:7      | Found an ancient bone altar of Kikubaaqudgha.
  8088 | D:8      | Found a staircase to the Lair.
  8326 | D:8      | Found a sparkling altar of Nemelex Xobeh.
  8520 | D:8      | Reached * piety under Okawaru
  8565 | D:8      | Noticed a gargoyle
  8588 | D:8      | Killed a gargoyle
  8588 | D:8      | Reached ** piety under Okawaru
  8589 | D:8      | Reached skill level 8 in Axes
  9028 | Lair:1   | Entered Level 1 of the Lair of Beasts
  9139 | Lair:1   | Reached skill level 5 in Evocations
  9172 | Lair:1   | Reached *** piety under Okawaru
  9421 | Lair:1   | Noticed a cane toad
  9428 | Lair:1   | Reached XP level 11. HP: 50/66 MP: 11/11
  9436 | Lair:1   | Reached skill level 9 in Axes
  9714 | Lair:1   | Reached **** piety under Okawaru
 10843 | Lair:2   | Found a transporter.
 10924 | Lair:2   | Found a transporter.
 11036 | Lair:2   | Reached ***** piety under Okawaru
 11518 | Lair:2   | Noticed a seven-headed hydra
 11531 | Lair:2   | Killed a one-headed hydra
 11532 | Lair:2   | Reached skill level 10 in Axes
 11924 | Lair:2   | Noticed Prince Ribbit
 11936 | Lair:2   | Killed Prince Ribbit
 12050 | Lair:2   | Collided with some lava

Illustrated notes

Levels and vault maps discovered:
D:1:      lightli_arrival_farm, layout_loops_ring, grunt_decor_resistance,
          minmay_split_cup_small
D:2:      layout_basic, shapermc_ecumenical_altar_starsandcircs
D:3:      layout_basic, mainiacjoe_overflow_chevrons, hangedman_decor_push
D:4:      layout_cave_pools, portal_sewer_entry_f, grunt_ministairs_7,
          nrook_campfire, kennysheep_small_circle, uniq_grinder,
          uniq_blork_the_orc, uniq_menkaure
D:5:      layout_loops_ring, gammafunk_ghost_nasty_kobolds, uniq_edmund,
          uniq_pikel
D:6:      layout_cave_pools, lemuel_round_altar
D:7:      layout_basic, tgw_kikubaaqudgha, minmay_temple_entry_trees,
          minmay_chambers_of_fives
D:8:      cheibrodos_barr_body, layout_basic, old_standard_altar,
          lair_entry_dummy
Temple:   kb_temple_of_zot
Lair:1:   layout_gridlike, beast_lair_carwin_11
Lair:2:   gammafunk_worm_tunnel, layout_regular_city, minmay_shattered_shrine,
          uniq_prince_ribbit2

Skill      XL: |  1  2  3  4  5  6  7  8  9 10 11 |
---------------+----------------------------------+-----
Axes           | 2 3 4 5 6 7 8 10 | 10.2
Armour         | 4 5 6 7 8 9 |  9.5
Shields        | 4 5 6 7 8 9 |  9.2
Fighting       | 4 5 6 7 |  7.7
Dodging        | 1 2 3 |  3.0
Evocations     | 2 4 5 6 |  6.6
Stealth        | |  0.2

Action                   |  1- 3 |  4- 6 |  7- 9 | 10-12 || total
-------------------------+-------+-------+-------+-------++-------
Melee: War axe           |   118 |       |       |       ||   118
       Hand axe          |       |   100 |   313 |   300 ||   713
  Use: Scroll            |       |    10 |     7 |     2 ||    19
       Potion            |       |     1 |       |     2 ||     3
Armor: Scale mail        |    98 |    47 |   108 |       ||   253
       Chain mail        |       |       |    46 |       ||    46
       Plate armour      |       |       |    12 |   175 ||   187
Dodge: Dodged            |    43 |    28 |   111 |    80 ||   262
Block: Kite shield       |    68 |    46 |   185 |   151 ||   450

Table legend: (Time is in decaauts)
 A = Elapsed time spent in this place.
 B = Non-inter-level travel time spent in this place.
 C = Inter-level travel time spent in this place.
 D = Time resting spent in this place.
 E = Time spent auto-exploring this place.
 F = Levels seen in this place.
 G = Mean time per level.
                   A        B        C        D        E       F      G
               +--------+--------+--------+--------+--------+-----+--------+
         Total |  12283 |  12211 |     72 |   2386 |   7527 |  12 | 1023.6 |
       Dungeon |   8816 |   8758 |     58 |   1292 |   5691 |   8 | 1102.0 |
        Temple |    108 |    108 |      0 |      0 |     73 |   1 |  108.0 |
          Lair |   3013 |   2999 |     14 |    990 |   1591 |   2 | 1506.5 |
         Sewer |    345 |    345 |      0 |    104 |    171 |   1 |  345.0 |
               +--------+--------+--------+--------+--------+-----+--------+

Top non-repeatable levels by time:
  Lair:2: 1839 daAuts
     D:5: 1474 daAuts
     D:1: 1339 daAuts
     D:2: 1213 daAuts
  Lair:1: 1173 daAuts
     D:4: 1113 daAuts
     D:8: 1063 daAuts
     D:6: 943 daAuts
     D:7: 836 daAuts
     D:3: 832 daAuts
   Sewer: 345 daAuts
  Temple: 108 daAuts
